 Dungeon Crawl Stone Soup version 0.18-a0-1396-g8753ca6 (webtiles) character file.

27 Ratboiler the Sneak (level 3, 33/33 HPs)
             Began as a Naga Wanderer on Feb 22, 2016.
             Quit the game on level 1 of the Dungeon on Feb 23, 2016.
             The game lasted 00:01:11 (506 turns).

Ratboiler the Sneak (Naga Wanderer)                  Turns: 506, Time: 00:01:11

Health: 33/33      AC:  2    Str: 13    XL:     3   Next: 10%
Magic:  3/3        EV:  9    Int: 13    God:
Gold:   0          SH:  0    Dex: 11    Spells: 0 memorised, 2 levels left

rFire  . . .     SeeInvis +     a - +2 falchion
rCold  . . .     Gourm    .     d - +0 robe
rNeg   . . .     Faith    .     (no shield)
rPois  +         Spirit   .     (no helmet)
rElec  .         Dismiss  .     (no cloak)
rCorr  .         Reflect  .     (no gloves)
SustAt .         Harm     .     (no barding)
MR     .....                    (no amulet)
Stlth  +++.......               (no ring)
                                (no ring)

@: very slow, not resistant to hostile enchantments, fairly stealthy
A: see invisible, deformed body, poison resistance, slowness 2, slow metabolism
1, spit poison 2, AC +1
a: Spit Poison


You were on level 1 of the Dungeon.
You were not hungry.

You visited 1 branch of the dungeon, and saw 1 of its levels.

Inventory:

Hand Weapons
 a - a +2 falchion (weapon)
 b - a +0 short sword
 e - a +0 dagger
Missiles
 g - 3 stones (quivered)
Armour
 d - a +0 robe (worn)
Scrolls
 h - a scroll of amnesia {unknown}
 i - a scroll of immolation {unknown}
 j - a scroll of fog {unknown}
 k - a scroll of remove curse {unknown}
Potions
 c - a potion of curing
 l - a potion of flight {unknown}
Comestibles
 f - 3 bread rations
 m - a beef jerky


   Skills:
 + Level 2.6 Fighting
 - Level 2.0(2.3) Short Blades
 + Level 1.9(2.3) Long Blades
 + Level 6.2 Stealth
   Level 1.0 Shields


You had 2 spell levels left.
You didn't know any spells.

Dungeon Overview and Level Annotations

Branches:
Dungeon (1/15)

Altars:


Innate Abilities, Weirdness & Mutations

You cannot wear boots.
Your serpentine skin is tough (AC +1).
You have supernaturally acute eyesight.
Armour fits poorly on your strangely shaped body.
Your system is resistant to poisons.
You cover ground very slowly.
You have a slow metabolism.
You can spit poison.


Message History

All of the chunks of flesh in your inventory have rotted away.
f - 3 bread rations (gained 1)
There is a stone staircase leading down here.
A goblin comes into view. It is wielding a dagger.
The goblin barely misses you.
You slash the goblin!
You kill the goblin!
No target in view!
No target in view!
l - an amethyst potion You see here a dagger.
A rat comes into view.
The rat moves out of view.
No target in view!
No target in view!
No target in view!
Saving game... please wait.
Welcome back, Ratboiler the Naga Wanderer.
Press ? for a list of commands and other information.
Are you sure you want to abandon this character and quit the game? (Confirm with "yes".)

.#
#.########.......##.###.#
# .#
#.#..............+......#
# ##
#.#.######.......##.#####
# #.#.# #.......##..#
#### ####.#.#.#
#.......###.## #...
.......#.# ##.########.^#
#.## ####.###.#
#.##...†....###.##
.......#.#
#.##.........##...
####.#.#.#
#@##..........####
..#..#.#.#
#.##..........#
..#..#.#.#
#.##..........#
.....#.#.#
#.##.......##>#
.....#.#.#
#.##.....[.##.##
.......#.#
#.##.......##..###
.#####.#.#
#'##.............#
.#######.#
...####.######.#.#
.........# #.# #....


There were no monsters in sight!

Vanquished Creatures
  2 oozes (D:1)
  A dart slug (D:1)
  A giant cockroach (D:1)
  2 goblins (D:1)
  A ball python (D:1)
  A bat (D:1)
  A giant newt (D:1)
  4 kobolds (D:1)
  6 rats (D:1)
19 creatures vanquished.

Notes
Turn   | Place    | Note
--------------------------------------------------------------
     0 | D:1      | Ratboiler the Naga Wanderer began the quest for the Orb.
     0 | D:1      | Ratboiler set off with: a +2 falchion, a +0 short sword, a potion of curing, a +0 robe, a +0 dagger, a bread ration
     0 | D:1      | Reached XP level 1. HP: 19/19 MP: 1/1
   112 | D:1      | Reached XP level 2. HP: 23/26 MP: 2/2
   157 | D:1      | Reached skill level 6 in Stealth
   277 | D:1      | Reached XP level 3. HP: 33/33 MP: 3/3
   506 | D:1      | Upgraded the game from 0.18-a0-1390-gc02854d to 0.18-a0-1396-g8753ca6
   506 | D:1      | Quit the game

Vault maps used:
D:1:      tarquinn_simple_flora_water_e

Skill      XL: |  1  2 |
---------------+-------+-----
Stealth        | 6 |  6.2
Fighting       | |  2.6
Short Blades   | |  2.0
Long Blades    | |  1.9
Shields        | |  1.0

Action                   || total
-------------------------++-------
Melee: Falchion          ||    42
Throw: Stone             ||     1
 Abil: Spit Poison       ||     1
 Stab: Sleeping          ||     6
